 Dungeon Crawl Stone Soup version 0.32-a0-938-g40ac7a0 (webtiles) character file.

Game seed: 14338097818591550870

688398 Rutnb the Sorcerer (level 27, -5/143 (144) HPs)
             Began as a Spriggan Earth Elementalist on Apr 14, 2024.
             Was the Champion of Wu Jian.
             Slain by Ignacio
             ... wielding a +5 executioner's axe of pain
              (7 damage)
             ... in Pandemonium on Apr 15, 2024.
             The game lasted 14:52:56 (135699 turns).

Rutnb the Sorcerer (Spriggan Earth Elementalist)  Turns: 135699, Time: 14:52:56

HP:   -5/143 (144)  AC: 16    Str:  6    XL:     27
MP:   45/50         EV: 26    Int: 30    God:    Wu Jian [******]
Gold: 9439          SH:  9    Dex: 23    Spells: 1/70 levels left

rFire   + + .        r - +9 quick blade (distort)
rCold   + . .        b - +3 buckler {rC+ rF+}
rNeg    + . .        C - +0 faerie dragon scales {rCorr Int+4 Clar}
rPois   .            v - +3 hat of the Griffon {rF+}
rElec   .            W - +2 cloak of the Buccaneer {rF- Regen+ Dex+3}
rCorr   +            (gloves unavailable)
SInv    +            (boots unavailable)
Will    ++++.        c - amulet of magic regeneration
Stlth   +++++        h - ring "Fekh" {rF+ rN+ Str+2 Slay+4 SInv}
HPRegen 1.23/turn    y - +4 ring of protection
MPRegen 0.72/turn

%: clarity
@: studying 2 skills, lightly drained, very quick
A: very small, no large weapons, unfitting armour, see invisible, speed 3
}: 4/15 runes: barnacled, slimy, silver, gossamer
a: Renounce Religion, Wall Jump, Serpent's Lash, Heavenly Storm


You were in Pandemonium.
You worshipped Wu Jian.
Wu Jian was exalted by your worship.
You visited 12 branches of the dungeon, and saw 56 of its levels.
You visited Pandemonium 1 time, and saw 2 of its levels.
You also visited: Bailey and Gauntlet.

You collected 10727 gold pieces.
You spent 1288 gold pieces at shops.

Inventory:

Hand Weapons
 r - a +9 quick blade of distortion (weapon)
Missiles
 L - 55 poisoned darts
 O - 4 throwing nets {!f}
 Q - 14 curare-tipped darts (quivered)
Armour
 b - a +3 buckler of resistance (worn)
 e - the +1 robe of the Harp {Fly}
   (You found it in a Gauntlet)

   Fly:       It grants you flight.
 v - the +3 hat of the Griffon (worn) {rF+}
   (You found it in a Gauntlet)

   rF+:       It protects you from fire.
 C - the +0 faerie dragon scales (worn) {rCorr Int+4 Clar}
   (You took it off the Enchantress on level 2 of the Depths)

   Int+4:     It affects your intelligence (+4).
   Clar:      It protects you from confusion, rage, mesmerisation and fear.
   rCorr:     It protects you from acid and corrosion.
 S - the +4 dragonskin cloak {Aegis}
   (You took it off Tiamat on level 4 of the Realm of Zot)

   Avatar's Aegis: It grants the wearer a chance to resist fire, cold, poison,
   electricity, acid, and negative energy.
 W - the +2 cloak of the Buccaneer (worn) {rF- Regen+ Dex+3}
   (You bought it in a shop on level 2 of the Orcish Mines)

   Dex+3:     It affects your dexterity (+3).
   rF-:       It makes you vulnerable to fire.
   Regen+:    It increases your rate of health regeneration.
Jewellery
 a - the ring "Mas Nas" {Ice rPois Str+4}
   (You took it off Josephina on level 2 of the Depths)

   [ring of ice]

   Ice:       It enhances your ice magic.
   Str+4:     It affects your strength (+4).
   rF-:       It makes you vulnerable to fire.
   rC+:       It protects you from cold.
   rPois:     It protects you from poison.
 c - an amulet of magic regeneration (around neck)
 g - the ring "Fepisoop" {rElec rF+ Dex+6 Slay-4}
   (You took it off a rakshasa on level 3 of the Depths)

   [ring of dexterity]

   Dex+6:     It affects your dexterity (+6).
   Slay-4:    It affects your accuracy & damage with ranged weapons and melee
   (-4).
   rF+:       It protects you from fire.
   rElec:     It insulates you from electricity.
 h - the ring "Fekh" (left hand) {rF+ rN+ Str+2 Slay+4 SInv}
   (You took it off a deep elf demonologist on level 3 of the Elven Halls)

   [ring of slaying]

   Str+2:     It affects your strength (+2).
   Slay+4:    It affects your accuracy & damage with ranged weapons and melee
   (+4).
   rF+:       It protects you from fire.
   rN+:       It protects you from negative energy.
   SInv:      It lets you see invisible.
 j - the ring of Yredelemnul's Approval {Ice rElec rCorr Slay+3}
   (You acquired it on level 14 of the Dungeon)

   [ring of ice]

   Ice:       It enhances your ice magic.
   Slay+3:    It affects your accuracy & damage with ranged weapons and melee
   (+3).
   rF-:       It makes you vulnerable to fire.
   rC+:       It protects you from cold.
   rElec:     It insulates you from electricity.
   rCorr:     It protects you from acid and corrosion.
 p - the ring "Fauxt" {rPois rF+ rC+ Will- Slay+3}
   (You found it in Pandemonium)

   [ring of protection from fire]

   Slay+3:    It affects your accuracy & damage with ranged weapons and melee
   (+3).
   rF+:       It protects you from fire.
   rC+:       It protects you from cold.
   rPois:     It protects you from poison.
   Will-:     It decreases your willpower.
 y - a +4 ring of protection (right hand)
 I - the ring "Teownir" {rC+ Will+ Dex+4}
   (You took it off a frost giant on level 2 of the Depths)

   [ring of willpower]

   Dex+4:     It affects your dexterity (+4).
   rC+:       It protects you from cold.
   Will+:     It increases your willpower.
 Y - the ring "Nueci" {Fire +Blink rPois}
   (You took it off a tengu reaver on level 2 of the Depths)

   [ring of fire]

   Fire:      It enhances your fire magic.
   rF+:       It protects you from fire.
   rC-:       It makes you vulnerable to cold.
   rPois:     It protects you from poison.
   +Blink:    It lets you blink.
Talismans
 J - a talisman of death
Wands
 k - a wand of mindburst (20)
 o - a wand of polymorph (50)
 u - a wand of flame (89)
 A - a wand of warping (54)
 F - a wand of digging (13)
 G - a wand of acid (51)
 T - a wand of charming (44)
Scrolls
 l - 9 scrolls of blinking
 n - 7 scrolls of butterflies
 s - 6 scrolls of fear
 t - 7 scrolls of poison
 w - 4 scrolls of revelation {!r}
 x - 18 scrolls of teleportation
 P - 2 scrolls of torment
 R - a scroll of immolation
 U - 3 scrolls of fog
 V - a scroll of silence
Potions
 d - 7 potions of cancellation
 f - 44 potions of curing
 i - 11 potions of haste
 m - 5 potions of invisibility
 q - a potion of lignification
 z - 14 potions of heal wounds {!q}
 B - 5 potions of magic
 D - 4 potions of resistance
 K - a potion of attraction
 M - 7 potions of brilliance
 N - 10 potions of might
 Z - 11 potions of enlightenment
Miscellaneous
 E - a phantom mirror
 H - a phial of floods


   Skills:
 - Level 15.0 Fighting
 - Level 4.0 Short Blades
 - Level 15.0 Dodging
 - Level 12.0 Stealth
 - Level 4.0 Shields
 - Level 22.4 Spellcasting
 - Level 16.4 Conjurations
 - Level 4.1 Translocations
 - Level 21.0 Fire Magic
 - Level 10.0 Ice Magic
 - Level 22.0 Air Magic
 - Level 12.0 Earth Magic
 - Level 9.0 Evocations
 + Level 7.3 Shapeshifting


You had one spell level left.
You knew the following spells:

 Your Spells              Type           Power      Damage    Failure   Level
a - Sandblast             Erth           100%       2d20      1%          1
b - Lee's Rapid Deconstr  Erth           40%        3d20*     1%          5
c - Passwall              Erth           81%        N/A       1%          3
d - Starburst             Conj/Fire      49%        6d13      1%          6
e - Borgnjor's Vile Clut  Necr/Erth      31%        N/A       8%          5
f - Ignition              Fire           51%        3d14      3%          8
g - Permafrost Eruption   Ice/Erth       39%        2x4d9     5%          6
k - Petrify               Alch/Erth      62%        N/A       2%          4
l - Ensorcelled Hibernat  Hex/Ice        100%       N/A       1%          2
p - Maxwell's Capacitive  Air            52%        ∞         2%          8
s - Irradiate             Conj/Alch      35%        3d23      3%          5
v - Plasma Beam           Fire/Air       52%        2x1d67    1%          6
w - Blink                 Tloc           100%       N/A       1%          2
x - Fireball              Conj/Fire      49%        3d19      1%          5
z - Stone Arrow           Conj/Erth      100%       3d13      1%          3

Your spell library contained the following spells:

 Spells                   Type           Power      Damage    Failure   Level
 Magic Dart               Conj           100%       1d8       0%          1
 Shock                    Conj/Air       100%       1d9       0%          1
 Apportation              Tloc           100%       N/A       1%          1
 Freeze                   Ice            100%       1d10      1%          1
 Kiss of Death            Conj/Necr      100%       2d13      1%          1
 Sting                    Conj/Alch      100%       1d9       1%          1
 Necrotise                Necr           100%       1d9       3%          1
 Slow                     Hex            100%       N/A       3%          1
 Summon Small Mammal      Summ           100%       N/A       3%          1
 Searing Ray              Conj           100%       2d8       0%          2
 Static Discharge         Conj/Air       100%       3-8/arc   0%          2
 Swiftness                Air            100%       N/A       0%          3
 Airstrike                Air            52%        2d(8-24)  0%          4
 Flame Wave               Conj/Fire      98%        2d20      0%          4
 Cigotuvi's Dreadful Rot  Necr/Alch/Air  100%       N/A       1%          2
 Lesser Beckoning         Tloc           100%       N/A       1%          2
 Mercury Vapours          Alch/Air       100%       N/A       1%          2
 Momentum Strike          Conj/Tloc      100%       3d10      1%          2
 Dazzling Flash           Conj/Hex       100%       N/A       1%          3
 Frozen Ramparts          Ice            100%       1d16      1%          3
 Hailstorm                Conj/Ice       85%        3d14      1%          3
 Inner Flame              Hex/Fire       77%        N/A       1%          3
 Ozocubu's Armour         Ice            76%        N/A       1%          3
 Summon Ice Beast         Ice/Summ       59%        N/A       1%          3
 Teleport Other           Tloc           55%        N/A       1%          3
 Volatile Blastmotes      Fire/Tloc      100%       2d18      1%          3
 Brom's Barrelling Bould  Conj/Erth      87%        2d10      1%          4
 Fulminant Prism          Conj/Alch      35%        3d17      1%          4
 Ignite Poison            Fire/Alch      77%        N/A       1%          4
 Iskenderun's Mystic Bla  Conj/Tloc      76%        2d15      (+2d81%     4
 Sticky Flame             Fire/Alch      77%        2d12      1%          4
 Summon Lightning Spire   Summ/Air       79%        N/A       1%          4
 Vhi's Electric Charge    Tloc/Air       100%       N/A       1%          4
 Arcjolt                  Conj/Air       49%        1d59      1%          5
 Iskenderun's Battlesphe  Conj           93%        2d14      1%          5
 Animate Armour           Summ/Erth      100%       N/A       2%          4
 Leda's Liquefaction      Alch/Erth      31%        N/A       2%          4
 Call Imp                 Summ           66%        N/A       4%          2
 Jinxbite                 Hex            66%        N/A       4%          2
 Passage of Golubria      Tloc           55%        N/A       6%          4
 Call Canine Familiar     Summ           33%        N/A       10%         3
 Confusing Touch          Hex            33%        N/A       10%         3
 Fugue of the Fallen      Necr           33%        N/A       10%         3
 Sigil of Binding         Hex            33%        N/A       10%         3
 Tukima's Dance           Hex            33%        N/A       10%         3
 Vampiric Draining        Necr           33%        2d8       10%         3
 Metabolic Englaciation   Hex/Ice        29%        N/A       12%         5
 Dimensional Bullseye     Hex/Tloc       23%        N/A       14%         4
 Anguish                  Hex/Necr       16%        N/A       32%         4
 Animate Dead             Necr           33%        N/A       32%         4
 Cause Fear               Hex            16%        N/A       32%         4
 Dispel Undead            Necr           33%        3d14      32%         4
 Martyr's Knell           Necr/Summ      33%        N/A       32%         4
 Olgreb's Toxic Radiance  Alch           33%        N/A       32%         4
 Ozocubu's Refrigeration  Ice            38%        4d15      41%         7
 Lehudib's Crystal Spear  Conj/Erth      43%        10d11     54%         8
 Alistair's Intoxication  Alch           22%        N/A       65%         5
 Curse of Agony           Necr           33%        N/A       65%         5
 Summon Mana Viper        Hex/Summ       33%        N/A       65%         5
 Yara's Violent Unravell  Hex/Alch       16%        3d8       65%         5
 Dispersal                Tloc           27%        N/A       67%         6
 Gell's Gavotte           Tloc           27%        2d(23-35) 67%         6
 Chain Lightning          Conj/Air       49%        3d66      77%         9
 Fire Storm               Conj/Fire      49%        8d12      83%         9
 Enfeeble                 Hex            16%        N/A       100%        7
 Haunt                    Necr/Summ      16%        N/A       100%        7
 Malign Gateway           Summ/Tloc      23%        N/A       100%        7
 Monstrous Menagerie      Summ           16%        N/A       100%        7
 Borgnjor's Revivificati  Necr           16%        N/A       100%        8
 Discord                  Hex            16%        N/A       100%        8
 Infestation              Necr           16%        N/A       100%        8
 Summon Horrible Things   Summ           16%        N/A       100%        8
 Death's Door             Necr           16%        N/A       100%        9
 Dragon's Call            Summ           16%        N/A       100%        9
 Shatter                  Erth           40%        3d32*     100%        9


Dungeon Overview and Level Annotations

Branches:
Dungeon (15/15) Zot: 22143  Temple (1/1) D:4 Zot: 5998    Lair (5/5) D:10 Zot: 20257
 Shoals (4/4) Lair:3 Zot: 18608  Spider (4/4) Lair:2 Zot: 16448   Slime (5/5) Lair:5 Zot: 25177
    Orc (2/2) D:9 Zot: 8767     Elf (3/3) Orc:2 Zot: 10848  Vaults (5/5) D:14 Zot: 17501
  Crypt (3/3) Vaults:3 Zot: 11948    Tomb (0/3) Crypt:3      Depths (4/4) D:15 Zot: 12138
    Zot (5/5) Depths:4 Zot: 17509  Bailey (visited)         Gauntlet (visited)

Altars:
Ashenzari
Cheibriados
Dithmenos
Elyvilon
Fedhas
Gozag
Hepliaklqana
Kikubaaqudgha
Makhleb
Nemelex Xobeh
Okawaru
Qazlal
Ru
Sif Muna
Trog
Uskayaw
Vehumet
Wu Jian
Xom
Yredelemnul
Zin
The Shining One
Beogh
Lugonu

Shops:
D:8 *   D:11 *   D:13 (   Orc:2 [:*(   Elf:1 =   Vaults:4 [   Depths:2 :=:

Portals:
Hell: Lair:5 Depths:1 Depths:2 Depths:3 Depths:4
Abyss: Depths:3 Depths:4
Pandemonium: Depths:2 Depths:4
Ziggurat: Depths:3

Annotations:
Spider:4 Agnes; Bai Suzhen
Vaults:1 2 transporters, exclusion: obsidian statue
Vaults:3 Mennas
Zot:2 2 transporters, exclusion: 3 orange crystal statues, Cigeacw's ghost, veteran MiFi; Cuehoi Muffi's ghost, legendary TeBe
Zot:3 36 runed translucent doors, Cuehoi Muffi's ghost, legendary TeBe; Jyfueq's ghost, master GrHu; Kaonimui's ghost, master DjHW; Obamn's ghost, legendary FoAl; Oqust's ghost, legendary GnCK; Tuteene's ghost, master MiFi; Zaguor's ghost, master GrHu
Pan Ignacio


Innate Abilities, Weirdness & Mutations

You are very small and have problems with some larger weapons.
You are too small for most types of armour.
You have supernaturally acute eyesight. (SInv)
You cover ground extremely quickly. (Speed+++)


Message History

You writhe in agony.
Ignacio hits you but does no damage.
You writhe in agony.
Ignacio hits you with a +5 executioner's axe of pain!
You writhe in agony.
You block Ignacio's attack. Ignacio hits you but does no damage.
You writhe in agony.
You block Ignacio's attack. 53의 피해를 받았습니다. 현재 남은 체력은 [90/143] 입니다. 악! 이건 정말로 아프다!
You feel charge building up... You block Ignacio's attack.
Ignacio hits you with a +5 executioner's axe of pain.
You writhe in agony.
Ignacio hits you with a +5 executioner's axe of pain. x2
You writhe in agony.
Ignacio looks at his axe, then at you, then at his axe, then at you...
Ignacio closely misses you. x2; Ignacio completely misses you.
Ignacio hits you with a +5 executioner's axe of pain!
You writhe in agony!
Ignacio closely misses you. Ignacio barely misses you. Ignacio misses you.
Ignacio hits you with a +5 executioner's axe of pain!
* * * LOW HITPOINT WARNING * * *
You writhe in agony.
* * * LOW HITPOINT WARNING * * *
53의 피해를 받았습니다. 현재 남은 체력은 [37/143] 입니다. 악! 이건 정말로 아프다!
You feel charge building up... Ignacio completely misses you.
You block Ignacio's attack.
Ignacio hits you with a +5 executioner's axe of pain!
* * * LOW HITPOINT WARNING * * *
You writhe in agony.
* * * LOW HITPOINT WARNING * * *
Ignacio closely misses you.
Ignacio says, "I enjoy death.
I like the smell.
I like the greasy feel of cooling blood."
Ignacio misses you.
Ignacio hits you with a +5 executioner's axe of pain!
* * * LOW HITPOINT WARNING * * *
Ignacio hits you with a +5 executioner's axe of pain.
* * * LOW HITPOINT WARNING * * *
You writhe in agony.
* * * LOW HITPOINT WARNING * * *
Ignacio hits you with a +5 executioner's axe of pain!
You die...

...................# #.....
...................#... ##.#.....
...#########.......# .. #..######
...# #.......# ..'........ ...#
#.......# .#6..../.. ...#
#.......# '........ ...#
#.......# #........
#..#########.......######........
#[..............@1...............
#......###..####################.
#......# #..# #......# #..#
#......# #### .......# ###....#
#....# ######


You could see Ignacio (fast).

Vanquished Creatures
  the Royal Jelly (Slime:5)
  Khufu (Crypt:2)
  2 dread liches
  3 ancient liches (Zot:5)
  Tiamat (Zot:4)
  Mara (Depths:1)
  4 orbs of fire
  Josephina (Depths:2)
  Sojobo (Vaults:4)
  2 royal mummies
  8 Killer Klowns
  4 curse toes
  17 caustic shrikes
  Jory (Vaults:4)
  20 golden dragons
  5 bone dragons
  Nikola (Spider:1)
  Norris (Elf:3)
  4 Tzitzimimeh (Pan)
  the Enchantress (Depths:2)
  A Brimstone Fiend (Depths:1)
  2 doom hounds (Zot:4)
  17 tentacled monstrosities
  3 electric golems
  A walking earthen tome (Depths:3)
  25 Orb Guardians
  7 liches
  6 titans
  Mlioglotl (Shoals:1)
  Asterion (Depths:1)
  Grunn (Zot:4)
  4 deep elf blademasters (Elf:3)
  2 deep elf master archers (Elf:3)
  8 quicksilver dragons
  31 acid blobs
  2 walking divine tomes
  2 walking frostbound tomes (Depths:3)
  3 sphinxes
  2 Executioners (Pan)
  2 ancient champions (Crypt:1)
  Polyphemus (Shoals:2)
  Gastronok (Lair:1)
  11 death cobs
  Kirke (D:15)
  10 tengu reavers
  13 shadow dragons
  Donald (Spider:1)
  10 rockslimes
  Roxanne (Spider:1)
  10 storm dragons
  Ilsuiw (Shoals:3)
  18 azure jellies
  4 draconian knights
  An emperor scorpion (Spider:4)
  14 fire giants
  18 frost giants
  A demonspawn warmonger (Pan)
  3 draconian monks
  2 iron dragons (Depths:3)
  8 deep elf sorcerers (Elf:3)
  14 vault wardens
  11 draconian scorchers
  Louise (Shoals:2)
  A deep elf elementalist (Elf:3)
  2 draconian annihilators
  2 juggernaut zombies (Crypt:3)
  3 draconian stormcallers
  A curse skull (Crypt:1)
  A reaper (Pan)
  8 ghost moths
  2 orc warlords
  18 quicksilver oozes
  15 ironbound preservers
  2 formless jellyfish
  3 spriggan defenders (Depths:2)
  4 ghouls
  9 very ugly things
  18 stone giants
  6 vampire knights
  11 deep elf demonologists
  5 broodmothers (Spider:4)
  9 black draconians
  2 demonspawn black suns (Pan)
  The ghost of Deteph the Summoner, a journeyman NaSu of Cheibriados (Lair:4)
  7 ironbound thunderhulks
  8 green draconians
  6 war gargoyles
  8 white draconians
  11 deep elf annihilators
  3 purple draconians
  A lorocyproca (Pan)
  17 spark wasps
  8 deep elf death magi
  8 dire elephants
  15 red draconians
  A yellow draconian (Depths:4)
  5 eidola
  6 merfolk impalers
  12 ettins
  2 minotaurs
  A merfolk javelineer (Shoals:4)
  8 fire dragons
  4 crystal guardians
  12 jiangshi
  A green death (Depths:4)
  5 deep elf high priests
  6 entropy weavers
  9 great orbs of eyes
  7 rakshasas
  3 hell beasts
  7 ice dragons
  Harold (D:11)
  31 vault guards
  Erolcha (Orc:2)
  16 yaktaur captains
  4 peacekeepers
  A caustic shrike simulacrum (Depths:1)
  3 ogre magi
  3 ironbound frosthearts
  A quicksilver dragon skeleton (Crypt:3)
  8 spriggan air magi
  The ghost of Wuijeck the Quickloader, a journeyman KoHu of Okawaru (D:13)
  2 jorogumos
  6 merfolk avatars
  8 hydras
  2 radroaches
  5 two-headed ogres
  8 centaur warriors
  An alligator snapping turtle (Shoals:3)
  6 merfolk aquamancers
  A catoblepas (Shoals:2)
  A two-headed ogre (shapeshifter) (Depths:2)
  32 dancing weapons
  The ghost of NahIdwin the Martial Artist, a journeyman OpSh of Gozag (Lair:2)
  5 boulder beetles
  5 death knights
  A satyr (Shoals:4)
  4 tengu warriors
  11 deep troll shamans
  An Orb Guardian skeleton (Crypt:2)
  6 demonic crawlers
  8 death yaks
  11 deep troll earth magi
  2 hell hogs (Depths:2)
  2 occultists
  A shock serpent (shapeshifter) (Depths:3)
  3 spriggan berserkers
  7 vampire magi
  An orc high priest (Orc:2)
  8 hell knights
  4 soul eaters
  Amaemon (Lair:2)
  19 deep elf knights
  A titan skeleton (Depths:1)
  10 sun demons
  6 skysharks
  A shadow wraith (Vaults:5)
  6 pharaoh ants
  20 skeletal warriors
  60 deep trolls
  10 iron trolls
  A salamander mystic (Depths:2)
  3 sixfirhies
  9 sea snakes
  2 fire crabs (Lair:3)
  A storm dragon skeleton (Depths:1)
  11 orb spiders
  6 glowing orange brains
  8 deep elf archers
  An anaconda zombie (Crypt:3)
  3 arcanists
  A sun moth (Spider:2)
  2 flayed ghosts
  24 harpies
  A spriggan simulacrum (Depths:2)
  13 orc knights
  Pikel (D:6)
  14 lindwurms
  6 bog bodies
  11 ironbound convokers
  6 steelbarb worms
  A shadow dragon zombie (Depths:1)
  3 phantasmal warriors
  44 deep elf pyromancers
  22 wolf spiders
  2 salamanders (Depths:2)
  4 orc sorcerers
  27 deep elf zephyrmancers
  7 thermic dynamos
  An eleionoma zombie (Crypt:2)
  An oklob plant (Lair:3)
  9 fauns
  A shining eye (shapeshifter) (Vaults:5)
  32 ugly things
  2 fauns (shapeshifter)
  10 necromancers
  A stone giant zombie (Crypt:3)
  4 cyclopes
  7 shining eyes
  A goliath frog zombie (Crypt:1)
  Maurice (D:10)
  14 elephants
  30 moths of wrath
  12 manticores
  6 meliai
  10 large abominations
  6 kobold blastminers
  A guardian serpent (shapeshifter) (Depths:2)
  An alligator skeleton (Crypt:1)
  10 merfolk sirens
  An apocalypse crab (Gauntlet)
  7 black mambas
  A guardian serpent (D:15)
  A frost giant skeleton (Depths:1)
  2 elephants (shapeshifter)
  4 water nymphs
  20 vault sentinels
  3 smoke demons
  4 gargoyles
  6 torpor snails
  2 eyes of devastation
  3 orange demons
  A mana viper skeleton (Crypt:2)
  12 cane toads
  Jeremiah (D:6)
  12 unseen horrors
  A black draconian zombie (Crypt:1)
  Maggie (D:6)
  5 rime drakes
  6 freezing wraiths
  5 tengu conjurers
  2 yaktaurs (shapeshifter)
  A tormentor (Depths:4)
  An efreet (Zot:1)
  12 komodo dragons
  A death yak skeleton (Crypt:2)
  An ice devil (Lair:5)
  2 kobold demonologists (D:11)
  29 yaktaurs
  2 red devils (Lair:5)
  7 trolls
  3 polar bears
  2 queen bees (shapeshifter)
  13 merfolk
  4 hellwings
  8 wind drakes
  2 tengu simulacra (Depths:2)
  A tyrant leech (D:11)
  5 hornets
  Grinder (D:3)
  30 jumping spiders
  A satyr zombie (Crypt:1)
  A snapping turtle (shapeshifter) (Depths:3)
  38 tarantellas
  A death drake skeleton (Crypt:1)
  8 glass eyes
  5 snapping turtles
  An iron dragon simulacrum (Depths:2)
  A sun moth zombie (Crypt:2)
  2 harpy skeletons (Crypt:3)
  9 blink frogs
  A spriggan zombie (Depths:1)
  12 dream sheep
  An ettin zombie (Crypt:3)
  A centaur simulacrum (D:14)
  30 culicivoras
  11 spriggans
  A merfolk skeleton (Crypt:3)
  46 yaks
  4 shadows
  18 water elementals
  A spriggan skeleton (Depths:1)
  2 ynoxinuls
  129 slime creatures
  4 air elementals
  The ghost of ddoljuk the Changeling, an amateur TrSh (D:3)
  9 wraiths
  A yak (shapeshifter) (Vaults:5)
  6 fire bats
  5 wyverns
  A spriggan (shapeshifter) (D:13)
  3 hogs (D:15)
  14 humans
  4 wargs
  25 fire elementals
  2 neqoxecs (Pan)
  7 golden eyes (Slime:1)
  4 basilisks
  45 redbacks
  2 steam dragons
  2 vampire mosquitoes (D:13)
  2 swamp worms (D:11)
  14 water moccasins
  3 acid dragons
  5 hell hounds (Lair:5)
  2 glowing shapeshifter skeletons (Depths:1)
  Duvessa (D:7)
  2 ice beasts
  40 orc warriors
  3 black bears
  A sky beast (D:6)
  33 laughing skulls
  5 boggarts
  The ghost of Girthnturf the Trooper, an amateur DsFi of Makhleb (D:3)
  11 ogres
  A wolf (Lair:4)
  8 centaurs
  4 lemures
  4 kobold brigands
  10 bullfrogs
  2 phantoms
  2 gnoll sergeants
  3 scorpions
  2 earth elementals (Elf:3)
  A glowing shapeshifter simulacrum (Depths:2)
  3 small abominations (Depths:3)
  A wight (D:6)
  Dowan (D:7)
  7 killer bees
  4 howler monkeys
  A shapeshifter skeleton (Crypt:2)
  2 electric eels (Spider:3)
  A lava snake (Lair:2)
  A bombardier beetle (D:6)
  15 orc priests
  A hound (D:5)
  A jelly (D:6)
  Crazy Yiuf (D:6)
  Jessica (D:2)
  2 iguanas
  Terence (D:2)
  A sleepcap (D:7)
  24 orc wizards
  2 hell rats (Lair:5)
  2 naga zombies
  A sky beast zombie (Crypt:2)
  A crocodile zombie (Crypt:1)
  2 naga skeletons
  An acid dragon skeleton (Crypt:1)
  A mummy (Crypt:2)
  Robin (D:2)
  8 gnolls
  10 adders
  9 river rats
  2 white imps
  2 ufetubi (D:5)
  A dart slug (D:3)
  2 ribbon worms
  87 orcs
  5 bats
  6 endoplasms
  5 giant cockroaches
  16 goblins
  12 hobgoblins
  6 jackals
  4 quokkas
  8 ball pythons
  5 frilled lizards (D:1)
  A frilled lizard zombie (Crypt:1)
  37 kobolds
  14 rats
2573 creatures vanquished.

Vanquished Creatures (collateral kills)
  2 boulders (Elf:2)
2 creatures vanquished.

Vanquished Creatures (others)
  A vault guard (D:14)
  A jumping spider (Spider:1)
  2 culicivoras (Spider:1)
  9 boulders
  A butterfly (Depths:1)
14 creatures vanquished.

Grand Total: 2589 creatures vanquished

Notes
Turn   | Place    | Note
-------+----------+-------------------------------------------
     0 | D:1      | Rutnb the Spriggan Earth Elementalist began the quest for
                  | the Orb.
     0 | D:1      | Reached XP level 1. HP: 9/9 MP: 5/5
   268 | D:1      | Reached XP level 2. HP: 13/13 MP: 6/6
  1182 | D:2      | Reached XP level 3. HP: 17/17 MP: 5/8
  1261 | D:2      | Noticed Robin
  1470 | D:2      | Learned a level 2 spell: Blink
  1474 | D:2      | Learned a level 3 spell: Passwall
  1814 | D:2      | Noticed Terence
  1941 | D:2      | Reached skill level 1 in Fighting
  1955 | D:2      | Killed Robin
  2160 | D:2      | Reached XP level 4. HP: 22/22 MP: 8/10
  2569 | D:2      | Noticed Jessica
  2632 | D:2      | Killed Jessica
  2771 | D:3      | Found an ornate altar of the Wu Jian Council.
  2862 | D:3      | Became a worshipper of the Wu Jian Council
  3074 | D:3      | Learned a level 3 spell: Stone Arrow
  3163 | D:3      | Noticed a scorpion
  3216 | D:3      | Found a faded altar of an unknown god.
  3396 | D:3      | Reached XP level 5. HP: 25/25 MP: 7/11
  3479 | D:3      | Found a white marble altar of Elyvilon.
  3524 | D:3      | Noticed Grinder
  3579 | D:2      | Killed Terence
  3580 | D:2      | Reached skill level 1 in Conjurations
  3664 | D:3      | Found a runed translucent gate.
  3665 | D:3      | Found a runed translucent gate.
  3666 | D:3      | Found a runed translucent gate.
  3667 | D:3      | Noticed ddoljuk's ghost (amateur TrSh)
  3668 | D:3      | Noticed Girthnturf's ghost (amateur DsFi)
  4261 | D:4      | Reached XP level 6. HP: 30/30 MP: 9/13
  4534 | D:4      | Found a hazy altar of Hepliaklqana.
  4544 | D:4      | Found a stormy altar of Qazlal.
  4710 | D:4      | Reached * piety under Wu Jian
  4756 | D:4      | Found a blossoming altar of Fedhas.
  5167 | D:4      | Found a staircase to the Ecumenical Temple.
  5177 | D:4      | Reached skill level 5 in Spellcasting
  5177 | D:4      | Reached XP level 7. HP: 35/35 MP: 2/15
  5272 | Temple   | Entered the Ecumenical Temple
  5509 | D:5      | Entered Level 5 of the Dungeon
  5719 | D:5      | Noticed a shadow
  6007 | D:5      | Found a broken altar of Ashenzari.
  6547 | D:5      | Killed a shadow
  6793 | D:6      | Noticed Pikel
  6793 | D:6      | Noticed Jeremiah
  6961 | D:3      | Killed Grinder
  6962 | D:3      | Reached skill level 5 in Earth Magic
  6962 | D:3      | Reached XP level 8. HP: 41/41 MP: 7/18
  7638 | D:6      | Found a snail-covered altar of Cheibriados.
  7899 | D:6      | Found a runed translucent door.
  7902 | D:6      | Noticed Crazy Yiuf
  7912 | D:6      | Killed Crazy Yiuf
  7913 | D:6      | Reached skill level 1 in Short Blades
  7997 | D:6      | Found a basalt altar of Yredelemnul.
  7998 | D:6      | Found a shimmering altar of Xom.
  8541 | D:6      | Reached skill level 5 in Stealth
  8607 | D:6      | Noticed Maggie
  8612 | D:6      | Killed Maggie
  8612 | D:6      | Reached ** piety under Wu Jian
  8981 | D:6      | Killed Pikel
  8982 | D:6      | Reached XP level 9. HP: 45/45 MP: 5/21
  9451 | D:7      | Found an opulent altar of Gozag.
  9614 | D:7      | Noticed Dowan
  9829 | D:7      | Found a flagged portal.
  9899 | Bailey   | Entered a bailey
  9925 | Bailey   | Noticed an orc knight
  9960 | Bailey   | Learned a level 2 spell: Ensorcelled Hibernation
 10583 | Bailey   | Killed an orc knight
 10584 | Bailey   | Reached XP level 10. HP: 51/51 MP: 0/24
 10856 | Bailey   | Got Giowei's Incunable of Conjuration
 11038 | D:7      | Noticed Duvessa
 11379 | D:7      | Identified the +5 ring mail of the Distant Future {Fly rF+
                  | Str+8 Int-3}
 11819 | D:7      | Reached skill level 5 in Fighting
 12078 | D:7      | Killed Dowan
 12079 | D:7      | Reached skill level 10 in Spellcasting
 12297 | D:7      | Killed Duvessa
 12297 | D:7      | Reached *** piety under Wu Jian
 13110 | D:8      | Found Weakairph's Assorted Antiques.
 13116 | D:8      | Bought a scroll labelled WUV QIUFAEBRE for 24 gold pieces
 13116 | D:8      | Bought 2 coppery potions for 43 gold pieces
 13506 | D:9      | Found a hide-covered altar of Uskayaw.
 13776 | D:9      | Found a staircase to the Orcish Mines.
 14142 | D:10     | Entered Level 10 of the Dungeon
 14144 | D:10     | Noticed a centaur warrior
 14150 | D:10     | Killed a centaur warrior
 14208 | D:10     | Found a staircase to the Lair.
 14259 | D:10     | Noticed Maurice
 14542 | D:10     | Killed Maurice
 14543 | D:10     | Reached XP level 11. HP: 57/57 MP: 23/27
 14732 | D:10     | Reached **** piety under Wu Jian
 14948 | Lair:1   | Entered Level 1 of the Lair of Beasts
 15312 | Lair:1   | Reached skill level 10 in Stealth
 15350 | Lair:1   | Noticed Gastronok
 16483 | Lair:1   | Learned a level 4 spell: Brom's Barrelling Boulder
 16600 | Lair:1   | Killed Gastronok
 16974 | Lair:2   | Noticed an eight-headed hydra
 17721 | Lair:2   | Reached XP level 12. HP: 65/65 MP: 12/29
 17978 | Lair:2   | Killed an eight-headed hydra
 18036 | Lair:2   | Found a runed translucent door.
 18229 | Lair:2   | Noticed Amaemon
 18241 | Lair:2   | Killed Amaemon
 18516 | Lair:2   | Found a hole to the Spider Nest.
 18575 | Lair:2   | Reached ***** piety under Wu Jian
 18864 | Lair:2   | Noticed NahIdwin's ghost (journeyman OpSh)
 19109 | Lair:2   | Reached skill level 5 in Conjurations
 19368 | Lair:3   | Noticed an eight-headed hydra
 20048 | Lair:3   | Noticed an eight-headed hydra
 20050 | Lair:3   | Killed an eight-headed hydra
 20052 | Lair:3   | Reached skill level 10 in Earth Magic
 20326 | Lair:3   | Reached skill level 10 in Fighting
 20326 | Lair:3   | Reached XP level 13. HP: 67/72 MP: 21/31
 20786 | Lair:3   | Found a staircase to the Shoals.
 21962 | Lair:4   | Found a transporter.
 22026 | Lair:4   | Found a transporter.
 22030 | Lair:4   | Identified the +0 robe "Igerru" {Dex+3}
 22032 | Lair:4   | Noticed Deteph's ghost (journeyman NaSu)
 22156 | Lair:4   | Found a bloodstained altar of Trog.
 22177 | Lair:4   | Identified the +8 long sword of Blood-Lust {spect, rPois
                  | Will+ Str-2 Int+2}
 22367 | Lair:5   | Entered Level 5 of the Lair of Beasts
 22412 | Lair:5   | Found a staircase to the Slime Pits.
 23238 | Lair:5   | Noticed a dire elephant
 23294 | Lair:5   | Killed a dire elephant
 23296 | Lair:5   | Reached ****** piety under Wu Jian
 23621 | Lair:5   | Reached XP level 14. HP: 79/79 MP: 22/33
 24327 | Lair:5   | Found a burning altar of Makhleb.
 24653 | Lair:5   | Reached skill level 15 in Spellcasting
 24690 | Lair:5   | Found a gateway to Hell.
 25271 | Orc:1    | Entered Level 1 of the Orcish Mines
 25439 | Orc:1    | Found a burning altar of Makhleb.
 25701 | Orc:2    | Entered Level 2 of the Orcish Mines
 26424 | Orc:2    | Noticed Erolcha
 26469 | Orc:2    | Killed Erolcha
 26921 | Orc:2    | Found a staircase to the Elven Halls.
 27838 | Orc:2    | Noticed an orc warlord
 27966 | Orc:2    | Killed an orc warlord
 28026 | Orc:2    | Found a roughly hewn altar of Beogh.
 28533 | Orc:2    | Found Vauckol's General Store.
 28573 | Orc:2    | Found Ipits's Antique Weapon Shop.
 28584 | Orc:2    | Found Siriupea's Book Shop.
 28642 | Orc:2    | Bought a scroll of immolation for 48 gold pieces
 28642 | Orc:2    | Bought a scroll of blinking for 90 gold pieces
 28642 | Orc:2    | Bought a scroll of amnesia for 48 gold pieces
 28650 | Orc:2    | Found Gabile's Antique Armour Shop.
 28800 | Orc:2    | Bought a smoking cloak for 256 gold pieces
 28800 | Orc:2    | Identified the +2 cloak of the Buccaneer {rF- Regen+ Dex+3}
                  | (You bought it in a shop on level 2 of the Orcish Mines)
 29313 | D:11     | Noticed Harold
 29647 | D:11     | Identified 3 scrolls of acquirement
 29852 | D:11     | Found Tohesk's General Store.
 29860 | D:11     | Bought a scroll of blinking for 127 gold pieces
 29860 | D:11     | Bought a potion of heal wounds for 85 gold pieces
 29906 | D:11     | Killed Harold
 29961 | D:11     | Reached skill level 1 in Translocations
 30297 | D:12     | Found a gate leading to a gauntlet.
 30392 | Gauntlet | Entered a Gauntlet
 30392 | Gauntlet | Found a transporter.
 30402 | Gauntlet | Found a transporter.
 30417 | Gauntlet | Found a transporter.
 30422 | Gauntlet | Found a transporter.
 30439 | Gauntlet | Found a transporter.
 30457 | Gauntlet | Found a transporter.
 30465 | Gauntlet | Found a large runed translucent door.
 30466 | Gauntlet | Found a large runed translucent door.
 30467 | Gauntlet | Found a large runed translucent door.
 30467 | Gauntlet | Found a large runed translucent door.
 30468 | Gauntlet | Found a runed translucent gate.
 30469 | Gauntlet | Found a transporter.
 30469 | Gauntlet | Found a runed translucent gate.
 30470 | Gauntlet | Found a runed translucent gate.
 30471 | Gauntlet | Found a large runed translucent door.
 30471 | Gauntlet | Found a large runed translucent door.
 30471 | Gauntlet | Found a runed translucent door.
 30471 | Gauntlet | Found a runed translucent door.
 30472 | Gauntlet | Found a large runed translucent door.
 30473 | Gauntlet | Found a large runed translucent door.
 30475 | Gauntlet | Found a transporter.
 30480 | Gauntlet | Found a large runed translucent door.
 30480 | Gauntlet | Found a large runed translucent door.
 30481 | Gauntlet | Found a large runed translucent door.
 30482 | Gauntlet | Found a large runed translucent door.
 30489 | Gauntlet | Noticed a quicksilver ooze
 30490 | Gauntlet | Found a transporter.
 30502 | Gauntlet | Found a transporter.
 30509 | Gauntlet | Noticed a reaper
 30514 | Gauntlet | Found a transporter.
 30533 | Gauntlet | Found a transporter.
 30548 | Gauntlet | Found a transporter.
 30550 | Gauntlet | Found a transporter.
 30575 | Gauntlet | Found a transporter.
 30577 | Gauntlet | Found a transporter.
 30597 | Gauntlet | Found a transporter.
 30683 | Gauntlet | Found a large runed translucent door.
 30683 | Gauntlet | Found a large runed translucent door.
 30684 | Gauntlet | Found a large runed translucent door.
 30685 | Gauntlet | Found a large runed translucent door.
 30687 | Gauntlet | Found a transporter.
 31341 | Gauntlet | Identified the +1 robe of the Harp {Fly}
 31346 | Gauntlet | Identified the +3 hat of the Griffon {rF+}
 31475 | Gauntlet | Reached skill level 5 in Dodging
 33162 | D:6      | Killed Jeremiah
 33278 | D:3      | Killed ddoljuk's ghost
 33297 | D:3      | Killed Girthnturf's ghost
 33789 | D:13     | Found Waub's Antique Weapon Boutique.
 33907 | D:13     | Found a runed translucent door.
 33907 | D:13     | Noticed Wuijeck's ghost (journeyman KoHu)
 34203 | D:13     | Reached skill level 1 in Evocations
 34235 | D:13     | Reached XP level 15. HP: 84/84 MP: 35/35
 35026 | D:14     | Upgraded the game from 0.32-a0-933-ga8fa363 to
                  | 0.32-a0-935-g6cb2a80
 36548 | D:14     | Identified the +9 broad axe of Devotion {heavy, rPois
                  | Stlth+}
 36577 | D:14     | Found a gate to the Vaults.
 37286 | D:15     | Entered Level 15 of the Dungeon
 37348 | D:15     | Got the Folio of Execration
 37397 | D:15     | Reached skill level 5 in Evocations
 37556 | D:15     | Identified the +0 plate armour of Pandemonium {rCorr Int+3
                  | Stlth-}
 38186 | D:15     | Noticed Kirke
 38336 | D:15     | Found a staircase to the Depths.
 38351 | D:15     | Reached skill level 1 in Fire Magic
 39112 | D:15     | Killed Kirke
 39809 | Orc:2    | Bought an embroidered robe for 99 gold pieces
 39825 | Orc:2    | Bought a ring of poison resistance for 240 gold pieces
 39825 | Orc:2    | Bought a scroll of teleportation for 36 gold pieces
 39974 | Lair:2   | Identified the +9 spear "Earthworm" {drain, rN+}
 40043 | Lair:2   | Killed NahIdwin's ghost
 40288 | Spider:1 | Entered Level 1 of the Spider Nest
 40398 | Spider:1 | Noticed Nikola
 40458 | Spider:1 | Killed Nikola
 41026 | Spider:1 | Reached XP level 16. HP: 91/91 MP: 22/37
 41288 | Spider:1 | Noticed Donald
 41347 | Spider:1 | Learned a level 4 spell: Petrify
 41353 | Spider:1 | Learned a level 5 spell: Irradiate
 41500 | Spider:1 | Killed Donald
 42219 | Spider:1 | Noticed Roxanne
 42609 | Spider:1 | Killed Roxanne
 43172 | Spider:2 | Reached skill level 5 in Fire Magic
 44815 | Spider:2 | You fall into a shaft and drop 1 floor!
 47108 | Spider:4 | Entered Level 4 of the Spider Nest
 47457 | Spider:4 | Noticed Bai Suzhen
 48073 | Spider:4 | Noticed Agnes
 48401 | Spider:4 | Reached skill level 10 in Fire Magic
 48418 | Spider:4 | Reached XP level 17. HP: 95/95 MP: 38/38
 50505 | Spider:4 | Got a gossamer rune of Zot
 50975 | D:14     | Acquired the ring of Yredelemnul's Approval {Ice rElec
                  | rCorr Slay+3}
 50977 | D:14     | Acquired a book of Spectacle
 50979 | D:14     | Acquired a +0 buckler of resistance
 51305 | D:13     | Killed Wuijeck's ghost
 51586 | Shoals:1 | Entered Level 1 of the Shoals
 51609 | Shoals:1 | Reached skill level 1 in Shields
 52217 | Shoals:1 | Noticed Mlioglotl
 52461 | Shoals:1 | Learned a level 6 spell: Starburst
 52551 | Shoals:1 | Learned a level 5 spell: Fireball
 52690 | Shoals:1 | Killed Mlioglotl
 53552 | Shoals:2 | Noticed Polyphemus
 53576 | Shoals:2 | Killed Polyphemus
 53624 | Shoals:2 | Noticed Louise
 53891 | Shoals:2 | Killed Louise
 53936 | Shoals:2 | Identified the +3 chain mail of Kuops {rC+ Str+2 Dex-2
                  | Stlth+}
 54318 | Shoals:3 | Upgraded the game from 0.32-a0-935-g6cb2a80 to
                  | 0.32-a0-936-gade3313
 55005 | Shoals:3 | Noticed Ilsuiw
 55149 | Shoals:3 | Killed Ilsuiw
 55650 | Shoals:4 | Entered Level 4 of the Shoals
 55757 | Shoals:4 | Reached XP level 18. HP: 100/100 MP: 30/39
 56933 | Shoals:4 | Got a barnacled rune of Zot
 57577 | Shoals:4 | Found a hide-covered altar of Uskayaw.
 57632 | Shoals:4 | Reached skill level 15 in Fire Magic
 57632 | Shoals:4 | Reached XP level 19. HP: 104/104 MP: 40/40
 59829 | Lair:4   | Killed Deteph's ghost
 60168 | D:14     | Acquired 927 gold pieces
 60191 | Vaults:1 | Entered Level 1 of the Vaults
 60600 | Vaults:1 | Found a transporter.
 60614 | Vaults:1 | Found a transporter.
 62460 | Vaults:2 | Upgraded the game from 0.32-a0-936-gade3313 to
                  | 0.32-a0-938-g40ac7a0
 63599 | Vaults:2 | Learned a level 8 spell: Ignition
 63899 | Vaults:3 | Reached XP level 20. HP: 102/109 MP: 4/41
 64349 | Vaults:3 | Noticed Mennas
 64509 | Vaults:3 | Found a staircase to the Crypt.
 64838 | Vaults:3 | Paralysed by a formless jellyfish for 1 turns
 64995 | Vaults:3 | You fall into a shaft and drop 1 floor!
 66475 | Vaults:4 | Noticed Jory
 67420 | Vaults:4 | Found Hosetz's Antique Armour Emporium.
 68882 | Elf:1    | Entered Level 1 of the Elven Halls
 69645 | Elf:1    | Found Peask's Jewellery Shoppe.
 69814 | Elf:1    | Reached skill level 1 in Air Magic
 69890 | Elf:1    | Reached XP level 21. HP: 87/113 MP: 16/42
 69969 | Elf:1    | Paralysed by an air elemental for 1 turns
 69971 | Elf:1    | Paralysed by an air elemental for 1 turns
 70531 | Elf:1    | Identified the ring of Boyneympur {Ice rCorr Str-5 Int+2
                  | SInv}
 71432 | Elf:2    | Reached skill level 10 in Dodging
 71468 | Elf:2    | Identified the +6 whip "Bamex" {distort, rF+ rC+}
 71586 | Elf:2    | Found a runed translucent gate.
 71627 | Elf:2    | Found a runed translucent gate.
 71628 | Elf:2    | Found a runed translucent gate.
 71968 | Elf:2    | Learned a level 6 spell: Plasma Beam
 73646 | Elf:3    | Entered Level 3 of the Elven Halls
 74046 | Elf:3    | Found the +8 longbow "Zephyr" {speed, Dex+3 SInv}
 74279 | Elf:3    | Noticed Norris
 75070 | Elf:3    | Reached skill level 5 in Air Magic
 75516 | Elf:3    | Identified the staff of Moafoag {rPois rN+ rCorr Alchemy}
 75728 | Elf:3    | Killed Norris
 75901 | Elf:3    | Identified the +5 chain mail "Udesk" {Will+}
 76270 | Elf:3    | Identified the +3 great mace "Gram" {venom, rElec rN++
                  | Dex-4}
 77044 | Elf:3    | Identified the +5 mace of Axohus {holy, +Blink Will+ Int+2
                  | Dex-5}
 77044 | Elf:3    | Identified the ring "Fekh" {rF+ rN+ Str+2 Slay+4 SInv}
 77157 | Elf:3    | Identified the +5 whip "Naebb" {antimagic, rF+ Int+3}
 77271 | Elf:3    | Got Osig's Omnibus of the Tektite and the Atmosphere
 77297 | Elf:3    | Identified the staff of Joyful Slaughter {rC+ Int+2 Stlth+
                  | Earth}
 77839 | Elf:3    | Reached XP level 22. HP: 121/121 MP: 28/44
 77870 | Elf:3    | Identified the +5 halberd of Bodily Humours {speed, rElec
                  | rN+}
 78843 | Orc:2    | Bought 2 potions of mutation for 192 gold pieces
 79119 | Crypt:1  | Entered Level 1 of the Crypt
 80079 | Crypt:2  | Noticed Khufu
 80079 | Crypt:2  | Noticed a royal mummy
 80079 | Crypt:2  | Noticed a royal mummy
 80082 | Crypt:2  | Killed Khufu
 80568 | Crypt:1  | Killed a royal mummy
 82850 | Crypt:2  | Killed a royal mummy
 83077 | Crypt:3  | Entered Level 3 of the Crypt
 83542 | Crypt:3  | Reached skill level 15 in Fighting
 84760 | Crypt:3  | Found a staircase to the Tomb.
 85277 | Crypt:3  | Noticed a dread lich
 85527 | Crypt:3  | Got Quonysy's Annotations on Left-Handed Mysteries
 85537 | Crypt:3  | Identified the +2 chain mail of Classification {rC- Dex+3}
 85568 | Crypt:3  | Found a basalt altar of Yredelemnul.
 85682 | Crypt:3  | Got the Exposition on Hiemal Diablerie
 85868 | Crypt:3  | Killed a dread lich
 85869 | Crypt:3  | Reached skill level 15 in Dodging
 87647 | Vaults:4 | Learned a level 5 spell: Borgnjor's Vile Clutch
 88174 | Vaults:4 | Killed Jory
 88578 | Vaults:5 | Entered Level 5 of the Vaults
 88580 | Vaults:5 | Reached skill level 1 in Ice Magic
 88582 | Vaults:5 | Reached skill level 10 in Air Magic
 88582 | Vaults:5 | Reached XP level 23. HP: 116/126 MP: 32/47
 88806 | Vaults:5 | Noticed a dread lich
 89152 | Vaults:4 | Killed a dread lich
 91040 | Vaults:5 | Identified the ring of the Lizard {rN+ Int-5 Dex+6 Slay+3}
 91046 | Vaults:5 | Got the Secrets of Wicked Execration
 91143 | Vaults:5 | Got Sif Muna's Treatise on Syndicated Signs
 91146 | Vaults:5 | Got a silver rune of Zot
 92152 | Vaults:5 | Identified the +11 mace of the Emperors {flame, rElec
                  | Dex+3}
 92224 | Vaults:5 | Identified the +3 leather armour "Tesuadaq" {rElec rC+}
 92240 | Vaults:5 | Noticed Sojobo
 92340 | Vaults:4 | Paralysed by an air elemental for 1 turns
 92424 | Vaults:4 | Paralysed by an air elemental for 1 turns
 92431 | Vaults:4 | Paralysed by an air elemental for 1 turns
 92449 | Vaults:4 | Paralysed by an air elemental for 1 turns
 92452 | Vaults:4 | Paralysed by an air elemental for 1 turns
 92466 | Vaults:4 | Paralysed by an air elemental for 1 turns
 92752 | Vaults:4 | Killed Sojobo
 92753 | Vaults:4 | Reached skill level 5 in Ice Magic
 94806 | Vaults:5 | Identified the +12 scimitar of Mandamus {protect, Fly}
 95513 | D:14     | Learned a level 6 spell: Permafrost Eruption
 95616 | Depths:1 | Entered Level 1 of the Depths
 95671 | Depths:1 | Found a white marble altar of Elyvilon.
 96965 | Depths:1 | Noticed Asterion
 96996 | Depths:1 | Killed Asterion
 97494 | Depths:2 | Reached XP level 24. HP: 129/131 MP: 23/48
 97721 | Depths:2 | Noticed the Enchantress
 97731 | Depths:2 | Killed the Enchantress
 97977 | Depths:2 | Identified the ring "Mas Nas" {Ice rPois Str+4}
 97977 | Depths:2 | Noticed Josephina
 97979 | Depths:2 | Killed Josephina
 98047 | Depths:2 | Found Sodghixur's Book Emporium.
 98047 | Depths:2 | Found Lichatac's Jewellery Boutique.
 98048 | Depths:2 | Found Qezxess's Book Emporium.
 98119 | Depths:2 | Found a stormy altar of Qazlal.
 98181 | Depths:2 | Identified the ring "Nueci" {Fire +Blink rPois}
 98211 | Depths:2 | Identified the +2 sling of the Extremes {speed, rPois rF++
                  | Str-3 Int+3}
 98277 | Depths:2 | Found a one-way gate leading to the halls of Pandemonium.
 99095 | Depths:2 | Identified the ring "Jimobb" {Fire Will+ Str+2 Dex-5
                  | Slay+6}
 99124 | Depths:2 | Identified the ring "Teownir" {rC+ Will+ Dex+4}
 99297 | Depths:2 | Reached skill level 15 in Air Magic
 99650 | Depths:2 | Identified the ring "Bycadu" {*Corrode rPois rC+ Str+5
                  | SInv}
 99893 | Depths:2 | Found a runed translucent door.
 99985 | Depths:2 | Found a runed translucent door.
 99985 | Depths:2 | Found a runed translucent door.
101096 | Depths:2 | Noticed Mara
101216 | Depths:2 | Noticed Rutnb's illusion
101415 | Depths:1 | Noticed Rutnb's illusion
101677 | Depths:1 | Noticed Rutnb's illusion
101732 | Depths:1 | Killed Mara
102713 | Depths:3 | Reached skill level 10 in Conjurations
103799 | Depths:3 | Found a one-way gateway to a ziggurat.
104111 | Depths:3 | Found a one-way gate to the infinite horrors of the Abyss.
104347 | Depths:3 | Reached XP level 25. HP: 128/135 MP: 1/48
104434 | Depths:3 | Identified the ring "Fepisoop" {rElec rF+ Dex+6 Slay-4}
105080 | Depths:3 | Identified the amulet of Okawaru's Hatred {Regen+ rCorr
                  | Str+4 Int-2}
105558 | Depths:3 | Got the Opusculum on Associated Gases
106371 | Depths:3 | Reached skill level 10 in Ice Magic
106804 | Depths:3 | Identified the +1 leather armour "Alonioqo" {+Inv Dex+3}
106807 | Depths:3 | Identified the +1 pair of gloves of the Dropbear {Str+4}
106856 | Depths:3 | Identified the +1 helmet of the Stone Wall {Harm Will+++
                  | Dex-4 Stlth+}
106862 | Depths:3 | Identified the +4 arbalest "Vantocuj" {penet, Will+}
107400 | Depths:4 | Entered Level 4 of the Depths
108968 | Depths:4 | Found a gate to the Realm of Zot.
110028 | Depths:4 | Found a corrupted altar of Lugonu.
110099 | Depths:4 | Noticed a juggernaut
110139 | Depths:4 | Banished a juggernaut
111442 | Slime:1  | Entered Level 1 of the Pits of Slime
112093 | Slime:2  | Reached XP level 26. HP: 129/140 MP: 23/48
112851 | Slime:2  | You fall into a shaft and drop 1 floor!
113171 | Slime:3  | Gained mutation: You occasionally shout uncontrollably at
                  | your foes. [a shining eye]
113171 | Slime:3  | Gained mutation: Your body sometimes deteriorates upon
                  | taking damage. [a shining eye]
114164 | Slime:5  | Entered Level 5 of the Pits of Slime
115103 | Slime:5  | Noticed the Royal Jelly
115143 | Slime:5  | Killed the Royal Jelly
115660 | Slime:5  | Found the amulet of the Air {Inacc Air Fly rElec RMsl}
115679 | Slime:5  | Got the Grimoire of Arsenical Transposition
115680 | Slime:5  | Identified the +0 dagger "Goblin's Nightmare" {pain,
                  | ^Contam +Blink Str+9 Dex-4}
115705 | Slime:5  | Got Lankeir's Thoughts on Cunning Blows
115707 | Slime:5  | Got a slimy rune of Zot
115737 | Slime:5  | Identified the +9 rapier of Wail {flame, rF+ rCorr}
115738 | Slime:5  | Identified the +8 great sword of the Inferno {pain,
                  | *Corrode Will+ Int+4 Dex+3}
116125 | D:14     | Lost mutation: You occasionally shout uncontrollably at
                  | your foes. [potion of mutation]
116125 | D:14     | Lost mutation: Your body sometimes deteriorates upon taking
                  | damage. [potion of mutation]
116125 | D:14     | Gained mutation: You have hidden genetic potential. [potion
                  | of mutation]
116125 | D:14     | Gained mutation: You are partially covered in iridescent
                  | scales. (AC +2) [potion of mutation]
117417 | Zot:1    | Entered Level 1 of the Realm of Zot
117706 | D:14     | Learned a level 8 spell: Maxwell's Capacitive Coupling
119409 | Zot:1    | Noticed an orb of fire
119580 | Zot:1    | Killed an orb of fire
120918 | Zot:2    | Noticed Cigeacw's ghost (veteran MiFi)
120963 | Zot:2    | Noticed Cuehoi Muffi's ghost (legendary TeBe)
120963 | Zot:2    | Noticed an orb of fire
120982 | Zot:2    | Found a transporter.
120984 | Zot:2    | Found a transporter.
122098 | Zot:2    | Identified the +1 chain mail "Wimmecekk" {rN+ Int+5}
122198 | Zot:2    | Found the +10 dark maul {heavy}
123513 | Zot:1    | Reached XP level 27. HP: 100/144 MP: 8/48
124157 | Zot:3    | Found a huge runed translucent gate.
124157 | Zot:3    | Found a huge runed translucent gate.
124157 | Zot:3    | Found a huge runed translucent gate.
124159 | Zot:3    | Found a huge runed translucent gate.
124159 | Zot:3    | Found a huge runed translucent gate.
124160 | Zot:3    | Found a huge runed translucent gate.
124160 | Zot:3    | Found a huge runed translucent gate.
124160 | Zot:3    | Found a huge runed translucent gate.
124160 | Zot:3    | Found a huge runed translucent gate.
124161 | Zot:3    | Found a huge runed translucent gate.
124161 | Zot:3    | Found a huge runed translucent gate.
124161 | Zot:3    | Found a huge runed translucent gate.
124161 | Zot:3    | Found a huge runed translucent gate.
124299 | Zot:3    | Found a huge runed translucent gate.
124299 | Zot:3    | Found a huge runed translucent gate.
124302 | Zot:3    | Found a huge runed translucent gate.
124303 | Zot:3    | Found a huge runed translucent gate.
124626 | Zot:3    | Found a huge runed translucent gate.
124627 | Zot:3    | Found a huge runed translucent gate.
124628 | Zot:3    | Found a huge runed translucent gate.
124679 | Zot:3    | Found a huge runed translucent gate.
124679 | Zot:3    | Noticed Cuehoi Muffi's ghost (legendary TeBe)
124679 | Zot:3    | Noticed Oqust's ghost (legendary GnCK)
124679 | Zot:3    | Noticed Kaonimui's ghost (master DjHW)
124679 | Zot:3    | Noticed Obamn's ghost (legendary FoAl)
124679 | Zot:3    | Noticed Tuteene's ghost (master MiFi)
124679 | Zot:3    | Noticed Oqust's ghost (legendary GnCK)
124680 | Zot:3    | Noticed Jyfueq's ghost (master GrHu)
124680 | Zot:3    | Noticed Zaguor's ghost (master GrHu)
124780 | Zot:3    | Found a huge runed translucent gate.
124785 | Zot:3    | Found a huge runed translucent gate.
124793 | Zot:3    | Found a huge runed translucent gate.
124794 | Zot:3    | Found a huge runed translucent gate.
124795 | Zot:3    | Found a huge runed translucent gate.
124795 | Zot:3    | Found a huge runed translucent gate.
124800 | Zot:3    | Found a huge runed translucent gate.
124801 | Zot:3    | Found a huge runed translucent gate.
124801 | Zot:3    | Found a huge runed translucent gate.
124801 | Zot:3    | Found a huge runed translucent gate.
124801 | Zot:3    | Found a huge runed translucent gate.
125569 | Zot:3    | Found a huge runed translucent gate.
125570 | Zot:3    | Found a huge runed translucent gate.
125570 | Zot:3    | Found a huge runed translucent gate.
125570 | Zot:3    | Found a huge runed translucent gate.
125863 | Zot:4    | Found the +4 dragonskin cloak {Aegis}
125863 | Zot:4    | Noticed Tiamat
127487 | Zot:4    | Killed Tiamat
128675 | Zot:4    | Noticed Grunn
128679 | Zot:4    | Killed Grunn
128766 | Zot:5    | Entered Level 5 of the Realm of Zot
128930 | Zot:4    | HP: 7/144 [poison (poison gas)]
128932 | Zot:4    | HP: 3/144 [poison (poison gas)]
128937 | Zot:4    | HP: 2/144 [poison (poison gas)]
129099 | Zot:4    | Gained mutation: You have a somewhat thin skeletal
                  | structure. (Dex +2, Stealth+) [hidden potential]
129466 | Zot:5    | Reached skill level 15 in Conjurations
129863 | Zot:5    | Acquired the +0 cloak "Niwopn" {Regen+ Int+2}
130405 | Zot:5    | Noticed an orb of fire
130485 | Zot:5    | Gained mutation: You sometimes lose your temper in combat.
                  | [an orb of fire]
130487 | Zot:5    | Killed an orb of fire
130501 | Zot:5    | Noticed an orb of fire
130781 | Zot:5    | Killed an orb of fire
131043 | Zot:5    | Noticed an ancient lich
131074 | Zot:5    | Killed an ancient lich
131430 | Zot:5    | Noticed an ancient lich
131560 | Zot:5    | Killed an ancient lich
131639 | Zot:5    | Noticed an orb of fire
131708 | Zot:5    | Noticed an ancient lich
131841 | Zot:5    | Killed an ancient lich
132035 | Zot:4    | Killed an orb of fire
132770 | Zot:5    | Identified the +2 long sword of Eternity {venom, *Noise
                  | Will- Int+6}
133973 | D:14     | Lost mutation: You sometimes lose your temper in combat.
                  | [potion of mutation]
133973 | D:14     | Lost mutation: You have hidden genetic potential. [potion
                  | of mutation]
133973 | D:14     | Gained mutation: You are dopey. (Int -2) [potion of
                  | mutation]
133973 | D:14     | Gained mutation: You occasionally shout uncontrollably at
                  | your foes. [potion of mutation]
133973 | D:14     | Gained mutation: You are partially covered in large bone
                  | plates. (SH +4) [potion of mutation]
133974 | D:14     | Lost mutation: You occasionally shout uncontrollably at
                  | your foes. [potion of mutation]
133974 | D:14     | Lost mutation: You are partially covered in iridescent
                  | scales. (AC +2) [potion of mutation]
133974 | D:14     | Lost mutation: You are partially covered in large bone
                  | plates. (SH +4) [potion of mutation]
133974 | D:14     | Gained mutation: Your body sometimes deteriorates upon
                  | taking damage. [potion of mutation]
133974 | D:14     | Lost mutation: You are dopey. (Int -2) [potion of mutation]
133974 | D:14     | Gained mutation: You have hidden genetic potential. [potion
                  | of mutation]
133975 | D:14     | Lost mutation: You have hidden genetic potential. [potion
                  | of mutation]
133975 | D:14     | Lost mutation: You have a somewhat thin skeletal structure.
                  | (Dex +2, Stealth+) [potion of mutation]
133975 | D:14     | Gained mutation: You expend magic power (3 MP) to
                  | strengthen your wands. [potion of mutation]
133975 | D:14     | Gained mutation: You have a pair of small horns on your
                  | head. [potion of mutation]
133976 | D:14     | Lost mutation: Your body sometimes deteriorates upon taking
                  | damage. [potion of mutation]
133976 | D:14     | Lost mutation: You have a pair of small horns on your head.
                  | [potion of mutation]
133976 | D:14     | Lost mutation: You expend magic power (3 MP) to strengthen
                  | your wands. [potion of mutation]
133976 | D:14     | Gained mutation: Your magical capacity is low. (-10% MP)
                  | [potion of mutation]
133976 | D:14     | Lost mutation: Your magical capacity is low. (-10% MP)
                  | [potion of mutation]
134122 | Pan      | Entered Pandemonium
134210 | Pan      | Reached skill level 1 in Shapeshifting
134379 | Pan      | Identified the ring "Fauxt" {rPois rF+ rC+ Will- Slay+3}
135219 | Pan      | Reached skill level 5 in Shapeshifting
135604 | Pan      | Learned a level 5 spell: Lee's Rapid Deconstruction
135653 | Pan      | Found an exit through the horrors of the Abyss.
135692 | Pan      | Noticed Ignacio
135699 | Pan      | HP: 7/143 [Ignacio/+5 executioner's axe of pain (3)]
135699 | Pan      | HP: 2/143 [Ignacio/+5 executioner's axe of pain (5)]
135699 | Pan      | Slain by Ignacio

Illustrated notes

Levels and vault maps discovered:
D:1:      onia_arrival_pyramid, layout_basic
D:2:      layout_loops_ring, uniq_terence, uniq_jessica, uniq_robin
D:3:      layout_basic, nicolae_wu_jian_wuxing_cycle,
          mainiacjoe_overflow_cross_hatched, gammafunk_ghost_cemetery,
          ebering_ecumenical_altar_box, minivault_25, st_stairs_12,
          nicolae_figureground_pulse, uniq_grinder
D:4:      layout_loops_ring, nicolae_overflow_crystal_walls,
          mainiacjoe_overflow_big_doors, minmay_temple_entry_proselytizer,
          chequers_serial_rivers_small_3
D:5:      layout_loops_cross, evilmike_ruin_ashenzari, hangedman_glass_teeth
D:6:      layout_layer_cave, slow_altar_1, jmf_multi_god_temple, uniq_pikel,
          uniq_jeremiah, uniq_maggie, uniq_crazy_yiuf_cottage
D:7:      layout_basic, lemuel_crystal_altar, enter_bailey_8, minmay_ruffians,
          uniq_duvessa
D:8:      layout_loops_ring, serial_shops, nicolae_shop_advertising_works
          [nicolae_subvault_shop_adworks]
D:9:      layout_loops_ring, nicolae_uskayaw_murder_on_the_dancefloor,
          orc_0_dummy, minmay_large_rounded_square
D:10:     layout_basic, dpeg_oklobed_lair, uniq_maurice
D:11:     layout_cave_pools, serial_shops, nicolae_shop_tiny_glass,
          worms_lemuel, uniq_harold
D:12:     wander_river, layout_irregular_city, gauntlet_entry_generic,
          hangedman_stone_soup
D:13:     layout_small_grid, ebering_ghost_inner_flame, serial_shops,
          nicolae_shop_waterfront
D:14:     layout_long_grid, ximxim_vaults_locker_room, serial_bayou_pond_a,
          elves_outpost_lemuel
D:15:     hangedman_depths_entry_civil_slaughter, layout_loops_cross,
          serial_co_window_serial, co_window_corner_a, co_window_corner_a,
          co_window_paths_b, co_window_of_opportunity_a, co_window_paths_b,
          co_window_2corner, co_window_cross_2, co_window_unsneaky_path_d,
          co_window_paths_c, co_window_2corner, co_window_unsneaky_path_e,
          hangedman_decor_diamond_cutter, special_room [special_room_orc],
          nrook_guardian_serpent_double, uniq_kirke
Temple:   jpeg_temple_clearing
Lair:1:   layout_misc_corridors, grunt_megastairs_1, uniq_gastronok
Lair:2:   layout_chaotic_city, nicolae_spider_entry_orb_guardian,
          ebering_ghost_funeral_grove, uniq_amaemon
Lair:3:   nzn_winding_woodlands_stair_trap [nzn_winding_woodlands_5x15_twine,
          nzn_winding_woodlands_5x15_cabin, nzn_winding_woodlands_5x15_jagged,
          nzn_winding_woodlands_15x15_thick_spiral,
          nzn_winding_woodlands_5x15_split_checker,
          nzn_winding_woodlands_5x15_lazy_stream,
          nzn_winding_woodlands_5x15_river_crossing], layout_layer_cave,
          minmay_shoals_entry_centaurs, beast_lair_carwin_7
Lair:4:   layout_roguey, gammafunk_ghost_wrathful_warriors, grunt_megastairs_5
Lair:5:   evil_forest, layout_concentric_octagons, slime_entry_1,
          kennysheep_abandoned_house
Shoals:1: layout_shoals, uniq_mlioglotl
Shoals:2: layout_shoals, uniq_polyphemus, uniq_louise
Shoals:3: layout_shoals, uniq_ilsuiw
Shoals:4: shoals_end_hangedman, layout_shoals, regret_index_shoals_crete
Spider:1: layout_spider_delve, uniq_donald, uniq_nikola, uniq_roxanne
Spider:2: layout_spider_delve
Spider:3: layout_spider_delve
Spider:4: hellmonk_spider_rune_endless_swarm, uniq_agnes, uniq_bai_suzhen
Slime:1:  layout_caves, special_room [special_room_jelly]
Slime:2:  layout_caves
Slime:3:  layout_caves
Slime:4:  layout_caves
Slime:5:  slime_pit_nicolae_royal_road_to_ruin
Orc:1:    layout_diamond_mine, basic_altar
Orc:2:    grunt_orc_cross, layout_caves, uniq_erolcha
Elf:1:    eino_elf_arrival_customs, layout_geoelf_diagonals, serial_shops,
          shop_coins, regret_index_elf_centigrade
Elf:2:    nicolae_elf_blades_splatter_lattice
          [nicolae_blade_entry_area_security], layout_loops_cross,
          minmay_misc_feat_pillars, nicolae_elf_m_pinch
Elf:3:    minmay_elf_hall_quartered_circle, layout_geoelf_diagonals,
          dk_noncrumbling_3, due_unseen_surprise, uniq_norris
Vaults:1: v_misc_17, gammafunk_sealed_arena, ontoclasm_vaults_twist,
          nicolae_vaults_tetromino_Z_1, vaults_room_large_hall,
          nicolae_vaults_trapezoid_3, hangedman_vaults_impose,
          vaults_room_stairs_pillars, vaults_standard_mumra_lines,
          nicolae_vaults_swerve, nicolae_vaults_tetromino_L_2,
          nicolae_vaults_surprise_closet, layout_vaults_omnicross
Vaults:2: lightli_orcish_oven, ontoclasm_vaults_gateway, vaults_mumra_lcd,
          nicolae_vaults_trapezoid_3, nicolae_vaults_network_periphery,
          nicolae_vaults_diamond_2, grunt_vaults_hallway_short,
          nicolae_vaults_mini_display_case, nicolae_vaults_trapezoid_lopsided_3,
          hangedman_vaults_capsules, layout_vaults_omnigrid, uniq_margery
Vaults:3: ontoclasm_vaults_ring_large, nicolae_vaults_doubleplus_tesselated,
          v_misc_14, nicolae_vaults_heart-shaped_vault,
          nicolae_vaults_stepped_doors, hangedman_vaults_variations,
          nicolae_vaults_windows_and_doors_thing, nicolae_vaults_wine_cellar,
          minmay_crypt_entry_simple_round, nicolae_vaults_prndl,
          vaults_dpeg_hooks, layout_vaults_ring, uniq_mennas
Vaults:4: ontoclasm_vaults_pinch, vaults_dpeg_doors, nicolae_vaults_mitosis,
          nicolae_vaults_house_1, ontoclasm_vaults_idyll,
          nicolae_vaults_diamond_2, nicolae_vaults_little_squares_5,
          nicolae_vaults_little_squares_4, nicolae_vaults_closet_pinwheel_1,
          vaults_room_door_hall, nicolae_vaults_tetromino_Z_1,
          vaults_room_door_hall, nicolae_vaults_surprise_closet,
          vaults_mumra_minichess, layout_vaults_big_room, serial_shops,
          nicolae_shop_pleasant_corner_grove, uniq_jory
Vaults:5: uniq_sojobo
Crypt:1:  layout_misc_corridors
Crypt:2:  layout_gridlike, serial_library_hellmonk_long_bookcase,
          minmay_misc_feat_rows, grunt_megastairs_3, uniq_khufu
Crypt:3:  cryptofortress_bobbens
Depths:1: layout_roguey, pf_hell_entry_tar_spiral, minmay_misc_feat_encased,
          nrook_loot_triangle, minmay_misc_feat_columns,
          nicolae_elyvilon_peaceful_grove, uniq_asterion
Depths:2: minmay_the_grid_triangle_9x9_rhombus_thin
          [minmay_the_grid_triangle_9x9_flanged_cone,
          minmay_the_grid_triangle_9x9_prize_special,
          minmay_the_grid_triangle_9x9_fully_insulated_deathbox,
          minmay_the_grid_triangle_9x9_stretched_checkered], layout_basic,
          hellmouth_3, nicolae_qazlal_general_emergency, pan_entry,
          minmay_staircase_windowed_large, minmay_shop_grove, uniq_josephina,
          uniq_mara, uniq_enchantress
Depths:3: grunt_twisty_corner, layout_basic, enter_ziggurat_a, serial_sigils,
          serial_sigils_hangedman_shear, serial_sigils_hangedman_snap,
          serial_sigils_hangedman_quiver, serial_sigils_hangedman_leer,
          serial_sigils_hangedman_shear, hell_entry, grunt_decor_arrowhead,
          minmay_room_of_horrors
Depths:4: grunt_crosshair, layout_gridlike, grunt_pan_entry_zigzag,
          abyss_entry_flame_altar, hell_entry
Zot:1:    lemuel_firehouse, layout_concentric_octagons,
          regret_index_zotdec_gossamer_gf
Zot:2:    layout_concentric_octagons, nzn_ghost_randoct,
          regret_index_zotdec_misc_clamp, st_large_dragon_hoard_3
Zot:3:    layout_twisted_circle, gammafunk_ghost_door_vault,
          regret_index_zotdec_silver_v_v_orig_slice
Zot:4:    layout_cathedral_of_symmetry, regret_index_zotdec_banners,
          uniq_tiamat, uniq_grunn
Zot:5:    layout_twisted_circle, grunt_ministairs_6
Pan:      evilmike_mini_pan_possible_glass, layout_pan_divisions_b
          [pan_division_quadrant_b3, pan_division_quadrant_b3,
          pan_division_quadrant_b4, pan_division_quadrant_b6],
          nicolae_pan_lom_lobonic_4, lemuel_hellion_island,
          layout_irregular_city, uniq_ignacio

Skill      XL: |  1  2  3  4  5  6  7  8  9 10 11 12 13 14 15 16 17 18 19 20 21 22 23 24 25 26 27 |
---------------+----------------------------------------------------------------------------------+-----
Dodging        | 3 4 5 9 12 15 | 15.0
Spellcasting   | 3 4 5 6 7 9 11 12 13 14 15 16 17 19 20 22 | 22.4
Earth Magic    | 3 4 5 6 8 9 10 11 12 | 12.0
Fighting       | 1 2 3 4 6 8 10 11 12 13 14 15 | 15.0
Stealth        | 4 7 9 12 | 12.0
Conjurations   | 1 2 3 4 5 7 8 9 10 12 13 16 | 16.4
Short Blades   | 4 |  4.0
Translocations | 4 |  4.1
Evocations     | 1 7 9 |  9.0
Fire Magic     | 3 10 13 15 17 20 21 | 21.0
Shields        | 4 |  4.0
Air Magic      | 1 6 10 14 16 19 21 22 | 22.0
Ice Magic      | 2 6 9 10 | 10.0
Shapeshifting  | 7 |  7.3

Action                     |  1- 3 |  4- 6 |  7- 9 | 10-12 | 13-15 | 16-18 | 19-21 | 22-24 | 25-27 || total
---------------------------+-------+-------+-------+-------+-------+-------+-------+-------+-------++-------
  Melee: Rapier            |    57 |     3 |       |       |       |       |       |       |       ||    60
         Dagger            |       |     9 |    15 |    94 |   142 |   156 |   108 |    58 |       ||   582
         Staff             |       |       |       |       |       |     3 |       |       |       ||     3
         Quick blade       |       |       |       |       |       |       |       |    36 |   257 ||   293
  Throw: Boomerang         |       |       |     3 |       |       |       |       |       |       ||     3
         Dart              |       |       |       |       |     4 |     3 |       |       |       ||     7
   Cast: Sandblast         |    63 |    70 |    52 |    92 |   120 |     3 |       |     1 |       ||   401
         Passwall          |     1 |     7 |    11 |    40 |    61 |    64 |    21 |     7 |    23 ||   235
         Stone Arrow       |       |    19 |    93 |   214 |   862 |   832 |   817 |   282 |   159 ||  3278
         Brom's Barrelling |       |       |       |     2 |     2 |     1 |    10 |       |       ||    15
         Ensorcelled Hiber |       |       |       |     1 |     8 |     4 |       |       |       ||    13
         Blink             |       |       |       |       |     2 |     3 |       |     8 |     1 ||    14
         Irradiate         |       |       |       |       |       |    11 |    11 |    19 |    52 ||    93
         Fireball          |       |       |       |       |       |   137 |    41 |     1 |       ||   179
         Petrify           |       |       |       |       |       |     4 |       |       |       ||     4
         Starburst         |       |       |       |       |       |       |   156 |   229 |   293 ||   678
         Plasma Beam       |       |       |       |       |       |       |   134 |   478 |   425 ||  1037
         Ignition          |       |       |       |       |       |       |     2 |   105 |   121 ||   228
         Borgnjor's Vile C |       |       |       |       |       |       |       |    10 |     1 ||    11
         Permafrost Erupti |       |       |       |       |       |       |       |   182 |   179 ||   361
         Maxwell's Capacit |       |       |       |       |       |       |       |       |    63 ||    63
 Invoke: Serpent's Lash    |       |       |       |       |       |     4 |     8 |     1 |     8 ||    21
         Heavenly Storm    |       |       |       |       |       |     2 |     2 |       |     3 ||     7
Ability: Lunge             |       |     2 |     1 |    20 |    23 |    38 |    33 |    16 |    14 ||   147
         Whirlwind         |       |       |     1 |     6 |    14 |    35 |    22 |    20 |    22 ||   120
         Wall Jump         |       |       |       |       |       |       |       |     8 |    15 ||    23
  Evoke: Wand              |       |       |       |       |     1 |     4 |     1 |       |     8 ||    14
         Phial of floods   |       |       |       |       |     1 |       |       |     2 |       ||     3
         Phantom mirror    |       |       |       |       |     1 |       |       |       |       ||     1
    Use: Scroll            |       |     4 |       |     7 |    16 |    14 |     3 |    15 |     7 ||    66
         Potion            |       |       |       |       |       |     1 |       |       |     5 ||     6
   Stab: Sleeping          |     5 |     7 |     9 |    49 |    65 |    71 |    52 |    21 |    16 ||   295
         Distracted        |       |       |       |       |     3 |     1 |     1 |       |     1 ||     6
         Petrified         |       |       |       |       |       |     8 |       |       |       ||     8
 Armour: Robe              |    17 |    14 |    15 |    65 |   236 |   362 |   233 |   269 |       ||  1211
         Acid dragon scale |       |       |       |     1 |     1 |       |       |    18 |   558 ||   578
  Dodge: Dodged            |    50 |    16 |    37 |   111 |   425 |   664 |   401 |   498 |   621 ||  2823
  Block: Buckler           |       |       |       |       |       |   109 |   203 |   175 |   214 ||   701

Table legend: (Time is in decaauts)
 A = Elapsed time spent in this place.
 B = Non-inter-level travel time spent in this place.
 C = Inter-level travel time spent in this place.
 D = Time resting spent in this place.
 E = Time spent auto-exploring this place.
 F = Levels seen in this place.
 G = Mean time per level.
                   A        B        C        D        E       F      G
               +--------+--------+--------+--------+--------+-----+--------+
         Total | 102836 |  93279 |   9557 |  38435 |   4256 |  60 | 1713.9 |
       Dungeon |  20270 |  16791 |   3479 |   4994 |    835 |  15 | 1351.3 |
        Temple |      1 |      1 |      0 |      0 |      0 |   1 |    1.0 |
          Lair |   9742 |   8797 |    945 |   3729 |    392 |   5 | 1948.4 |
        Shoals |   5391 |   5014 |    377 |   1618 |    238 |   4 | 1347.8 |
   Spider Nest |   7551 |   7230 |    321 |   2987 |    226 |   4 | 1887.8 |
    Slime Pits |   3726 |   3437 |    289 |   1461 |    567 |   5 |  745.2 |
  Orcish Mines |   3232 |   2967 |    265 |   1433 |     96 |   2 | 1616.0 |
   Elven Halls |   7151 |   6496 |    655 |   2651 |    189 |   3 | 2383.7 |
        Vaults |  12498 |  11187 |   1311 |   4595 |    459 |   5 | 2499.6 |
         Crypt |   6051 |   5738 |    313 |   2383 |    166 |   3 | 2017.0 |
        Depths |  11861 |  10953 |    908 |   5905 |    476 |   4 | 2965.2 |
           Zot |  12490 |  11802 |    688 |   5643 |    423 |   5 | 2498.0 |
   Pandemonium |   1160 |   1160 |      0 |    342 |      0 |   2 |  580.0 |
        Bailey |    873 |    873 |      0 |    440 |      6 |   1 |  873.0 |
      Gauntlet |    831 |    831 |      0 |    249 |    178 |   1 |  831.0 |
               +--------+--------+--------+--------+--------+-----+--------+

Top non-repeatable levels by time:
Vaults:4: 5335 daAuts
Depths:3: 3556 daAuts
Depths:2: 3531 daAuts
   Elf:3: 3162 daAuts
   Zot:1: 3055 daAuts
   Zot:5: 2957 daAuts
    D:14: 2945 daAuts
 Crypt:3: 2800 daAuts
Depths:1: 2690 daAuts
   Orc:2: 2550 daAuts
  Lair:2: 2535 daAuts
   Zot:4: 2288 daAuts
Vaults:3: 2237 daAuts
    D:15: 2200 daAuts
Spider:4: 2198 daAuts
